 Dungeon Crawl Stone Soup version 0.28.0-49-g6dfe1f597d (webtiles) character file.

Game seed: 10656297506027562032

9 joe1234567 the Covered (level 1, 0/18 HPs)
             Began as a Demigod Fighter on May 18, 2022.
             Slain by a hobgoblin (1 damage)
             ... on level 1 of the Dungeon.
             The game lasted 00:02:21 (416 turns).

joe1234567 the Covered (Demigod Fighter)             Turns: 416, Time: 00:02:21

Health: 0/18       AC:  6    Str: 17    XL:     1   Next: 86%
Magic:  3/3        EV:  9    Int: 10    God:
Gold:   42         SH:  4    Dex: 13    Spells: 0/0 levels left

rFire   . . .      SeeInvis .   a - +0 long sword
rCold   . . .      Faith    .   c - +0 buckler
rNeg    . . .      Spirit   .   b - +0 scale mail
rPois   .          Reflect  .   (no helmet)
rElec   .          Harm     .   (no cloak)
rCorr   .          Rampage  .   (no gloves)
Will    .....                   (no boots)
Stlth   ..........              (no amulet)
HPRegen 0.06/turn               (no ring)
MPRegen 0.08/turn               (no ring)

@: no status effects
A: high MP 1, forlorn, divine attributes
a: no special abilities


You were on level 1 of the Dungeon.
You visited 1 branch of the dungeon, and saw 1 of its levels.

You collected 42 gold pieces.

Inventory:

Hand Weapons
 a - a +0 long sword (weapon)
Armour
 b - a +0 scale mail (worn)
 c - a +0 buckler (worn)
Scrolls
 e - a scroll of teleportation {unknown}
 f - a scroll of fog {unknown}
 g - a scroll of identify {unknown}
Potions
 d - a potion of might


   Skills:
 + Level 2.8 Fighting
 + Level 1.9 Long Blades
 + Level 2.9 Armour
 + Level 0.1 Dodging
 + Level 2.7 Shields


You couldn't memorise any spells.
You didn't know any spells.
Your spell library contained the following spells:

 Spells                   Type           Power      Damage    Failure   Level
 Summon Small Mammal      Summ           0%         N/A       86%         1
 Ensorcelled Hibernation  Hex/Ice        0%         N/A       95%         2
 Call Canine Familiar     Summ           0%         N/A       99%         3
 Spider Form              Tmut/Pois      0%         N/A       99%         3
 Summon Guardian Golem    Hex/Summ       0%         N/A       99%         3
 Anguish                  Hex/Necr       0%         N/A       100%        4


Dungeon Overview and Level Annotations

Branches:
Dungeon (1/15)


Innate Abilities, Weirdness & Mutations

You have an increased reservoir of magic. (+10% MP)
You shall have no god before yourself.
Your divine heritage dramatically boosts your attributes as you level up.


Message History

You slash the goblin!
You kill the goblin!
You block the hobgoblin's attack.
You hit the endoplasm.
The endoplasm is severely wounded.
The endoplasm barely misses you.
The hobgoblin hits you but does no damage.
You block the endoplasm's attack.
The hobgoblin hits you but does no damage.
You hit the endoplasm but do no damage.
The endoplasm is severely wounded.
The endoplasm closely misses you. You block the hobgoblin's attack.
You hit the endoplasm but do no damage.
The endoplasm is severely wounded.
The endoplasm freezes you.
You are frozen.
The hobgoblin hits you but does no damage.
You slash the endoplasm!
You kill the endoplasm!
The hobgoblin hits you.
* * * LOW HITPOINT WARNING * * *
The hobgoblin barely misses you. The hobgoblin hits you.
* * * LOW HITPOINT WARNING * * *
Things that are here:
a +0 club; a goblin corpse The hobgoblin completely misses you.
The hobgoblin completely misses you.
The hobgoblin hits you but does no damage.
The hobgoblin hits you but does no damage.
Things that are here:
a +0 club; a goblin corpse The hobgoblin hits you but does no damage.
You block the hobgoblin's attack. The hobgoblin barely misses you.
A quokka and a rat come into view.
The hobgoblin closely misses you. The hobgoblin barely misses you.
The hobgoblin hits you.
You die...

......†.# #.....### ...
#.##..# ... ......# #r#
......## ... #.####.## #r#
..###.#.## #.##########
####.###.#######.#........#
#.## ##.....##@..######.#
#..###.####....g.# #.#
#.#.#..# ######)# ####.####
#.#....# #...##.......#
#.#.#..# #>.#.##.##.##.#
#.#....# #.. .##(##.##.#
#......# ... .#........#
####.### .... $#..#.##..#
#.# ..... .#..#.##..#


You could see a quokka, a hobgoblin and a rat.

Vanquished Creatures
  2 endoplasms (D:1)
  A giant cockroach (D:1)
  A ball python (D:1)
  2 bats (D:1)
  A goblin (D:1)
  2 kobolds (D:1)
  A rat (D:1)
10 creatures vanquished.

Notes
Turn   | Place    | Note
-------+----------+-------------------------------------------
     0 | D:1      | joe1234567 the Demigod Fighter began the quest for the Orb.
     0 | D:1      | Reached XP level 1. HP: 18/18 MP: 3/3
   416 | D:1      | Slain by a hobgoblin

Illustrated notes

Levels and vault maps discovered:
D:1:      amcnicky_arrival_feature_with_door, layout_loops_cross,
          minmay_tromino_v4_a

Action                   || total
-------------------------++-------
Melee: Long sword        ||    28
Armor: Scale mail        ||    39
Dodge: Dodged            ||    37
Block: Buckler           ||    16
